Map: [ESL] Tropical Sacrifice

Players

Strange

  • Race: Protoss Protoss
  • Spawn Location: 7:00

Lambo - Winner!

  • Race: Zerg Zerg
  • Spawn Location: 1:00

Event: DreamHack SC2 Masters 2022 Atlanta (Online)

VOD

Have the link to the VOD?

Description

Time

  • Played on: Oct. 12, 2022, 2:15 p.m.
  • Length: 8:24

All games in this series

Show
View Real Time Build Order
Export as new Build Order

Strange Protoss 

Build Orders: 1 Gate Expand, Mass Phoenix, Zealot Archon 

Get SALT Encoding   

  12  0:00  Probe  
  13  0:12  Probe  
  14  0:20  Pylon  
  14  0:24  Probe  
  15  0:39  Gateway, Probe (Chrono Boost)  
  16  0:47  Probe (Chrono Boost)  
  16  0:48  Assimilator  
  17  0:53  Probe  
  18  1:05  Probe  
  19  1:17  Probe  
  20  1:26  Nexus  
  20  1:36  Cybernetics Core  
  21  1:40  Probe  
  21  1:45  Assimilator  
  21  1:52  Probe  
  22  1:55  Pylon  
  22  2:04  Probe (Chrono Boost)  
  23  2:13  Adept  
  25  2:16  Probe (Chrono Boost)  
  25  2:21  Stargate  
  26  2:24  Probe (Chrono Boost)  
  26  2:28  Warp Gate  
  27  2:30  Probe (Chrono Boost)  
  28  2:39  Probe (Chrono Boost)  
  28  2:42  Probe (Chrono Boost)  
  30  2:47  Stalker  
  30  2:48  Probe (Chrono Boost)  
  30  2:50  Probe (Chrono Boost)  
  34  2:53  Probe (Chrono Boost)  
  35  3:00  Probe  
  36  3:09  Probe, Void Ray (Chrono Boost)  
  36  3:12  Probe  
  42  3:20  Pylon  
  42  3:21  Probe  
  42  3:24  Probe  
  44  3:28  Gateway  
  44  3:35  Stargate, Probe  
  44  3:38  Probe  
  46  3:41  Assimilator  
  46  3:47  Probe  
  47  3:50  Probe, Pylon  
  47  3:52  Assimilator  
  48  3:59  Probe  
  48  4:00  Phoenix (Chrono Boost)  
  48  4:02  Probe  
  52  4:11  Probe  
  52  4:14  Probe  
  54  4:19  Phoenix (Chrono Boost)  
  54  4:21  Phoenix (Chrono Boost)  
  54  4:22  Pylon  
  54  4:23  Adept  
  60  4:25  Probe  
  61  4:33  Probe  
  62  4:41  Phoenix (Chrono Boost)  
  62  4:45  Pylon  
  64  4:46  Nexus  
  64  4:50  Phoenix (Chrono Boost)  
  66  5:00  Pylon  
  66  5:02  Phoenix (Chrono Boost)  
  66  5:05  Probe  
  66  5:06  Probe  
  66  5:07  Phoenix (Chrono Boost)  
  72  5:17  Probe  
  72  5:18  Probe  
  72  5:19  Pylon  
  74  5:21  Phoenix (Chrono Boost)  
  74  5:27  Forge  
  76  5:29  Twilight Council, Probe  
  76  5:31  Probe  
  78  5:41  Probe  
  79  5:43  Probe  
  79  5:46  Sentry x2  
  79  5:48  Protoss Ground Weapons Level 1 (Chrono Boost)  
  84  5:54  Probe (Chrono Boost)  
  84  5:55  Pylon  
  86  5:57  Probe (Chrono Boost)  
  86  6:00  Robotics Facility  
  86  6:02  Probe (Chrono Boost)  
  87  6:05  Charge (Chrono Boost)  
  87  6:06  Probe (Chrono Boost)  
  87  6:11  Assimilator  
  90  6:12  Probe x2 (Chrono Boost), Assimilator  
  90  6:13  Probe (Chrono Boost)  
  90  6:17  Probe (Chrono Boost), Gateway  
  91  6:19  Gateway  
  91  6:20  Probe x2  
  94  6:28  Probe  
  94  6:32  Probe x2  
  97  6:40  Gateway  
  97  6:42  Templar Archives  
  97  6:43  Zealot, Sentry  
  97  6:44  Gateway  
  97  6:45  Gateway  
  101  6:47  Gateway  
  101  6:48  Shield Battery  
  101  6:54  Photon Cannon  
  101  6:55  Photon Cannon  
  101  6:57  Pylon  
  101  7:00  Shield Battery  
  101  7:05  Sentry  
  101  7:08  Zealot  
  101  7:28  Immortal  
  103  7:32  Photon Cannon  
  103  7:33  High Templar x2  
  103  7:34  Shield Battery  
  104  7:39  Archon  
  104  7:41  Zealot x3  
  110  7:45  Zealot  
  84  8:03  Zealot x3  
  77  8:09  Zealot x2, Stalker  
Show
View Real Time Build Order
Export as new Build Order

Lambo Zerg - Winner!

Build Orders: Hatch First 

Get SALT Encoding   

  12  0:00  Drone  
  13  0:12  Overlord  
  13  0:18  Drone  
  14  0:31  Drone x2  
  16  0:49  Hatchery  
  15  0:52  Drone  
  15  0:55  Drone  
  17  0:59  Drone  
  18  1:10  Extractor  
  17  1:14  Spawning Pool  
  17  1:18  Drone  
  17  1:21  Drone  
  18  1:31  Drone  
  19  1:39  Drone  
  20  1:51  Drone  
  21  2:01  Queen x2  
  21  2:02  Zergling x2, Overlord  
  26  2:10  Metabolic Boost  
  26  2:12  Drone  
  26  2:14  Drone  
  28  2:23  Drone x2  
  30  2:35  Hatchery  
  29  2:37  Drone  
  29  2:43  Drone  
  29  2:44  Drone  
  32  2:48  Overlord  
  32  2:53  Queen  
  32  2:57  Drone x2  
  36  3:06  Queen  
  36  3:11  Overlord  
  39  3:12  Drone  
  39  3:15  Drone x2  
  39  3:16  Drone  
  42  3:25  Zergling x4  
  44  3:30  Queen  
  44  3:33  Drone x2  
  48  3:41  Drone x2  
  50  3:46  Drone x2  
  50  3:48  Overlord  
  52  3:49  Overlord  
  52  3:57  Overlord  
  52  4:06  Queen, Drone x4  
  52  4:08  Roach Warren  
  52  4:09  Spore Crawler, Drone  
  57  4:10  Drone  
  57  4:13  Drone x2  
  57  4:15  Drone  
  57  4:16  Drone  
  62  4:21  Drone x3  
  62  4:23  Drone  
  66  4:27  Drone  
  66  4:28  Drone  
  67  4:33  Overlord  
  67  4:40  Extractor x2  
  67  4:41  Queen, Drone  
  67  4:42  Drone x2  
  67  4:43  Lair  
  67  4:44  Drone  
  71  4:47  Overlord  
  71  4:50  Overlord  
  71  4:57  Drone x2  
  71  4:59  Overlord  
  73  5:11  Roach x4  
  73  5:12  Queen  
  73  5:13  Drone  
  73  5:14  Drone  
  85  5:16  Overlord  
  85  5:22  Drone  
  85  5:23  Drone x3  
  85  5:26  Drone x3  
  85  5:27  Roach x2, Extractor  
  95  5:28  Drone x2  
  95  5:29  Queen  
  95  5:34  Extractor x2  
  92  5:44  Spore Crawler  
  92  5:45  Spore Crawler  
  92  5:46  Zergling x8, Roach x3  
  92  5:47  Nydus Network  
  98  5:54  Overlord  
  98  5:55  Overlord  
  98  5:56  Queen  
  99  6:02  Overlord  
  99  6:11  Overlord  
  99  6:12  Zergling x8, Roach x2  
  99  6:15  Queen  
  106  6:26  Nydus Canal  
  106  6:27  Ravager x2  
  106  6:28  Zergling x2, Roach x4, Ravager  
  114  6:34  Roach x2  
  118  6:40  Roach  
  118  6:41  Nydus Canal  
  118  6:42  Zergling x2  
  118  6:43  Zergling x4  
  125  6:47  Zergling x4, Roach x2  
  125  6:49  Roach  
  129  6:58  Zergling x2, Roach x2  
  130  7:11  Roach x4  
  130  7:13  Nydus Canal  
  135  7:22  Roach  
  135  7:23  Zergling x6, Roach  
  135  7:29  Ravager x3  
  137  7:37  Ravager  
  137  7:38  Nydus Canal  
  137  7:41  Overlord  
  137  7:42  Overlord  
  131  7:55  Zergling x18  
  136  8:03  Roach  
Tags
 
Add a new tag
Caveats
  • Supply blocks, unpowered buildings, or Contaminate may cause inaccurate times.
  • Supply counts are checked every 10 seconds.